AoeStats
← fbilla94

Glade

510437156Analyzed
1v1 RM · 2d ago on Oct 1, 2026· 43m 47s· 2 players
Game mode
Random Map
Map size
Tiny (2 player)
Population
200
Speed
Normal
Resources
Standard
Victory
Conquest
Starting age
Dark Age
Ending age
Imperial Age
RankedLock teamsTeams togetherTeam positionsShared explorationLock speedFull tech treeHidden civsTurbo modeCheats
Victory
Defeat
🇨🇱 Celts · Chile
835
+19
🇲🇽 Spanish · Mexico
890
-19
fbilla94
2:15 Loom
7:15 Loom
10:37 Feudal Age
10:55 Man-at-Arms
13:14 Arson
16:09 Wheelbarrow
19:57 Town Watch
22:33 Castle Age
20:53 Stone Mining
21:36 Horse Collar
22:03 Scale Mail Armor
23:08 Long Swordsman
23:35 Gambesons
24:34 Gold Mining
26:23 Hand Cart
AnimalSpider996
10:50 Loom
12:51 Feudal Age
20:27 Castle Age
19:16 Double-Bit Axe
19:18 Horse Collar
23:01 Stone Mining
23:39 Bow Saw
Connection lost

Rejoining the realm…

Still unreachable

The connection could not be restored.

Session expired

The server has moved on; the page needs a fresh start.